TOP OF THE 1ST |
Helena Brewers batting - Pitching for Billings Mustangs : RHP Ryan Krause
|
Pitching: RHP Ryan Krause
|
|
Batting: LHB Steven Donovan
|
0-0: Called Strike 0-1: DOUBLE (Flyball, 89D, EV 104.4 MPH)
|
Batting: RHB Lorenzo Diaz
|
0-0: Ball 1-0: Ball 2-0: Ball 3-0: Base on Balls
|
Batting: LHB John Fortin
|
0-0: Foul Ball, location: 2F 0-1: Ball 1-1: DOUBLE (Groundball, 3L, EV 105.6 MPH) Steven Donovan scores Lorenzo Diaz to third
|
Batting: LHB Fumito Sakurai
|
0-0: Called Strike 0-1: Ball 1-1: Called Strike 1-2: Ball 2-2: Foul Ball, location: 2F 2-2: Ball 3-2: Strikes out swinging
|
Batting: LHB Dusty Bryant
|
0-0: Called Strike 0-1: Ball 1-1: Ball 2-1: Foul Ball, location: 2F 2-2: Foul Ball, location: 2F 2-2: Strikes out swinging
|
Batting: LHB Umar Matoub
|
0-0: Ball 1-0: Ball 2-0: Ball 3-0: Base on Balls
|
Batting: RHB Steve Errico
|
0-0: SINGLE (Popup, 4MD, EV 51.9 MPH) Lorenzo Diaz scores John Fortin to third Umar Matoub to second Runner from 3rd tries for Home, SAFE, throw by 2B to home
|
Batting: LHB Alex Chairez
|
0-0: Foul Ball, location: 2F 0-1: Ball 1-1: Foul Ball, location: 2F 1-2: Ball 2-2: Ball 3-2: Base on Balls Umar Matoub to third Steve Errico to second
|
Batting: RHB Jesus Menjivar
|
0-0: Swinging Strike 0-1: Ball 1-1: Foul Ball, location: 2F 1-2: Strikes out swinging
|
Top of the 1st over - 3 runs, 3 hits, 0 errors, 3 left on base; Helena 3 - Billings 0 |
BOTTOM OF THE 1ST |
Billings Mustangs batting - Pitching for Helena Brewers : RHP Mark Frizzell
|
Pitching: RHP Mark Frizzell
|
|
Batting: RHB Alex de Leon
|
0-0: Ball 1-0: Ball 2-0: Called Strike 2-1: Foul Ball, location: 2F 2-2: Foul Ball, location: 2F 2-2: Strikes out swinging
|
Batting: RHB Alex Juarez
|
0-0: Called Strike 0-1: Swinging Strike 0-2: Ball 1-2: Ball 2-2: Foul Ball, location: 2F 2-2: Strikes out swinging
|
Batting: SHB David Garnica
|
0-0: Foul Ball, location: 2F 0-1: Called Strike 0-2: Ball 1-2: Ball 2-2: Ball 3-2: Foul Ball, location: 2F 3-2: Base on Balls
|
Batting: SHB Jaivata Mohanty
|
0-0: Ball 1-0: Ball 2-0: Ball 3-0: Base on Balls David Garnica to second
|
Batting: RHB Kevin Larner
|
0-0: Ball 1-0: Swinging Strike 1-1: Fielders Choice at 2nd, 6-4 (Groundball, 6, EV 82.5 MPH)
|
Bottom of the 1st over - 0 runs, 0 hits, 0 errors, 2 left on base; Helena 3 - Billings 0 |
TOP OF THE 2ND |
Helena Brewers batting - Pitching for Billings Mustangs : RHP Ryan Krause
|
Batting: LHB Steven Donovan
|
0-0: Called Strike 0-1: Ball 1-1: SINGLE (Line Drive, 7S, EV 103.8 MPH)
|
Batting: RHB Lorenzo Diaz
|
0-0: Ball 1-0: Ball 2-0: Ball 3-0: Base on Balls Steven Donovan to second
|
Batting: LHB John Fortin
|
0-0: Called Strike 0-1: Ball 1-1: Foul Ball, location: 2F 1-2: Foul Ball, location: 2F 1-2: Foul Ball, location: 2F 1-2: Ball 2-2: Ball 3-2: Fielders Choice at 2nd, 4-6 (Groundball, 4MS, EV 83.1 MPH) Steven Donovan to third
|
Batting: LHB Fumito Sakurai
|
0-0: Ball 1-0: Called Strike John Fortin steals 2nd, throwing error, E2 Steven Donovan scores John Fortin to third 1-1: Ball 2-1: Called Strike 2-2: Ball 3-2: Base on Balls
|
Batting: LHB Dusty Bryant
|
0-0: Called Strike 0-1: Ball Fumito Sakurai is caught stealing 2nd base 2-6 1-1: Ball 2-1: Called Strike 2-2: Ball 3-2: DOUBLE (Line Drive, 78D, EV 103.8 MPH) John Fortin scores
|
Batting: LHB Umar Matoub
|
0-0: Swinging Strike 0-1: Ball Passed Ball! Dusty Bryant to third 1-1: DOUBLE (Line Drive, 89XD, EV 102.5 MPH) Dusty Bryant scores
|
Batting: RHB Steve Errico
|
0-0: Called Strike 0-1: Foul Ball, location: 2F 0-2: Foul Ball, location: 2F 0-2: Ball 1-2: Foul Ball, location: 2F 1-2: Ball 2-2: Foul Ball, location: 2F 2-2: Ball 3-2: Base on Balls
|
Batting: LHB Alex Chairez
|
0-0: Called Strike 0-1: SINGLE (Groundball, 4D, EV 103.8 MPH) Umar Matoub to third Steve Errico to second
|
Batting: RHB Jesus Menjivar
|
0-0: Ball 1-0: SINGLE (Groundball, 56D, EV 109.4 MPH) Umar Matoub scores Steve Errico to third Alex Chairez to second Runner from 3rd tries for Home, SAFE, throw by LF to home
|
Pitching: RHP Juan Oliveros
|
|
Batting: LHB Steven Donovan
|
0-0: Fly out, F7 (Flyball, 7S, EV 91.2 MPH)
|
Top of the 2nd over - 5 runs, 5 hits, 1 error, 2 left on base; Helena 8 - Billings 0 |
BOTTOM OF THE 2ND |
Billings Mustangs batting - Pitching for Helena Brewers : RHP Mark Frizzell
|
Batting: RHB Omar Garce
|
0-0: SINGLE (Flyball, 89S, EV 97.5 MPH)
|
Batting: RHB Will Trudeau
|
0-0: Called Strike 0-1: Ball Wild Pitch! Omar Garce to second 1-1: Fly out, F7 (Flyball, 7, EV 90.6 MPH)
|
Batting: LHB Alex Ramos
|
0-0: Ball 1-0: Ball 2-0: Foul Ball, location: 2F 2-1: Called Strike 2-2: Ball 3-2: Strikes out looking
|
Batting: RHB Declan Eichele
|
0-0: Called Strike 0-1: Foul Ball, location: 2F 0-2: Strikes out swinging
|
Bottom of the 2nd over - 0 runs, 1 hit, 0 errors, 1 left on base; Helena 8 - Billings 0 |
TOP OF THE 3RD |
Helena Brewers batting - Pitching for Billings Mustangs : RHP Juan Oliveros
|
Batting: RHB Lorenzo Diaz
|
0-0: SINGLE (Line Drive, 56D, EV 103.1 MPH)
|
Batting: LHB John Fortin
|
0-0: Ball Lorenzo Diaz steals 2nd base 1-0: Ball 2-0: Hit by Pitch
|
Batting: LHB Fumito Sakurai
|
0-0: Called Strike 0-1: DOUBLE (Line Drive, 78M, EV 91.9 MPH) Lorenzo Diaz scores John Fortin to third
|
Batting: LHB Dusty Bryant
|
0-0: Called Strike 0-1: Swinging Strike 0-2: Foul Ball, location: 2F 0-2: Foul Ball, location: 2F 0-2: Strikes out swinging
|
Batting: LHB Umar Matoub
|
0-0: Ball 1-0: Foul Ball, location: 2F 1-1: Ball 2-1: Ball 3-1: Swinging Strike 3-2: 3-RUN HOME RUN (Flyball, 9D, EV 92.5 MPH) (Inside the Park)
|
Batting: RHB Steve Errico
|
0-0: Ball 1-0: Called Strike 1-1: Swinging Strike 1-2: Hit by Pitch
|
Pitching: LHP Alex Vazquez
|
|
Batting: LHB Alex Chairez
|
0-0: Foul Ball, location: 2F 0-1: Swinging Strike 0-2: Strikes out swinging
|
Batting: RHB Jesus Menjivar
|
0-0: Ball 1-0: Swinging Strike 1-1: Foul Ball, location: 2F 1-2: Fly out, F8 (Line Drive, 8RD, EV 98.1 MPH)
|
Top of the 3rd over - 4 runs, 3 hits, 0 errors, 1 left on base; Helena 12 - Billings 0 |
BOTTOM OF THE 3RD |
Billings Mustangs batting - Pitching for Helena Brewers : RHP Mark Frizzell
|
Batting: RHB Alex de Leon
|
0-0: Fly out, F2 (Popup, 25F, EV 79.4 MPH)
|
Batting: RHB Alex Juarez
|
0-0: Called Strike 0-1: Ball 1-1: Ball 2-1: SINGLE (Groundball, 6MD, EV 95.0 MPH)
|
Batting: SHB David Garnica
|
0-0: Ball 1-0: Foul Ball, location: 2F 1-1: Called Strike 1-2: Fielders Choice at 2nd, U6 (Groundball, 4M, EV 101.9 MPH)
|
Batting: SHB Jaivata Mohanty
|
0-0: Ball David Garnica is caught stealing 2nd base 2-6
|
Bottom of the 3rd over - 0 runs, 1 hit, 0 errors, 0 left on base; Helena 12 - Billings 0 |
TOP OF THE 4TH |
Helena Brewers batting - Pitching for Billings Mustangs : LHP Alex Vazquez
|
Batting: LHB Steven Donovan
|
0-0: Ground out 4-3 (Groundball, 4, EV 100.6 MPH)
|
Batting: RHB Lorenzo Diaz
|
0-0: Called Strike 0-1: Swinging Strike 0-2: Ball 1-2: Ball 2-2: Ball 3-2: Base on Balls
|
Batting: LHB John Fortin
|
0-0: Ball 1-0: Swinging Strike 1-1: Foul Ball, location: 2F 1-2: Ball 2-2: Foul Ball, location: 2F 2-2: Fielders Choice at 2nd, 4-6 (Groundball, 4, EV 81.9 MPH)
|
Batting: LHB Fumito Sakurai
|
0-0: Foul Ball, location: 2F 0-1: 2-RUN HOME RUN (Flyball, 9D, EV 103.8 MPH), Distance : 403 ft
|
Batting: LHB Dusty Bryant
|
0-0: Ball 1-0: Ball 2-0: Foul Ball, location: 2F 2-1: Called Strike 2-2: Foul Ball, location: 2F 2-2: Ball 3-2: Base on Balls
|
Batting: LHB Umar Matoub
|
0-0: Ground out 4-3 (Groundball, 4, EV 88.1 MPH)
|
Top of the 4th over - 2 runs, 1 hit, 0 errors, 1 left on base; Helena 14 - Billings 0 |
BOTTOM OF THE 4TH |
Billings Mustangs batting - Pitching for Helena Brewers : RHP Mark Frizzell
|
Batting: SHB Jaivata Mohanty
|
0-0: Called Strike 0-1: Called Strike 0-2: Ball 1-2: Ball 2-2: Foul Ball, location: 2F 2-2: Ball 3-2: Fly out, F7 (Flyball, 7S, EV 91.2 MPH)
|
Batting: RHB Kevin Larner
|
0-0: Ball 1-0: Ball 2-0: Called Strike 2-1: Called Strike 2-2: Reached on error, E6 (Groundball, 6, EV 85.0 MPH)
|
Batting: RHB Omar Garce
|
0-0: Called Strike Kevin Larner steals 2nd base 0-1: Ground out 4-3 (Groundball, 4, EV 86.2 MPH) Kevin Larner to third
|
Batting: RHB Will Trudeau
|
0-0: Ball 1-0: TRIPLE (Flyball, 78XD, EV 95.6 MPH) Kevin Larner scores
|
Batting: LHB Alex Ramos
|
0-0: Ground out 6-3 (Groundball, 6, EV 81.9 MPH)
|
Bottom of the 4th over - 1 run, 1 hit, 1 error, 1 left on base; Helena 14 - Billings 1 |
TOP OF THE 5TH |
Helena Brewers batting - Pitching for Billings Mustangs : LHP Alex Vazquez
|
Batting: RHB Steve Errico
|
0-0: Ball 1-0: Ball 2-0: Ball 3-0: Called Strike 3-1: Swinging Strike 3-2: Base on Balls
|
Batting: LHB Alex Chairez
|
0-0: Fielders Choice at 2nd, 4-6 (Groundball, 4, EV 86.2 MPH)
|
Batting: RHB Jesus Menjivar
|
0-0: Ball 1-0: SINGLE (Groundball, 56D, EV 109.4 MPH) Alex Chairez to second
|
Batting: LHB Steven Donovan
|
0-0: Foul Ball, location: 2F 0-1: Ball 1-1: Ball 2-1: Ball 3-1: Base on Balls Alex Chairez to third Jesus Menjivar to second
|
Batting: RHB Lorenzo Diaz
|
0-0: Ball 1-0: Ball 2-0: Ball 3-0: Base on Balls Alex Chairez scores Jesus Menjivar to third Steven Donovan to second
|
Pitching: LHP Jose Cruz
|
|
Batting: LHB John Fortin
|
0-0: Ball 1-0: Called Strike 1-1: Ball 2-1: Ball 3-1: Called Strike 3-2: Base on Balls Jesus Menjivar scores Steven Donovan to third Lorenzo Diaz to second
|
Batting: LHB Fumito Sakurai
|
0-0: Foul Ball, location: 2F 0-1: Called Strike 0-2: Ball 1-2: Grounds into fielders choice 1-2 (Groundball, 13S, EV 76.9 MPH) Lorenzo Diaz to third John Fortin to second
|
Batting: LHB Dusty Bryant
|
0-0: Ball 1-0: Ball 2-0: Ball 3-0: Called Strike 3-1: Called Strike 3-2: Foul Ball, location: 2F 3-2: Base on Balls Lorenzo Diaz scores John Fortin to third Fumito Sakurai to second
|
Batting: LHB Umar Matoub
|
0-0: Swinging Strike 0-1: SINGLE (Line Drive, 34, EV 103.8 MPH) John Fortin scores Fumito Sakurai to third Dusty Bryant to second Runner from 3rd tries for Home, throw by RF and OUT! 9-2
|
Top of the 5th over - 4 runs, 2 hits, 0 errors, 2 left on base; Helena 18 - Billings 1 |
BOTTOM OF THE 5TH |
Billings Mustangs batting - Pitching for Helena Brewers : RHP Mark Frizzell
|
Batting: RHB Declan Eichele
|
0-0: Ball 1-0: Foul Ball, location: 2F 1-1: Swinging Strike 1-2: Foul Ball, location: 2F 1-2: Foul Ball, location: 2F 1-2: Strikes out swinging
|
Batting: RHB Alex de Leon
|
0-0: Ball 1-0: Foul Ball, location: 2F 1-1: Fly out, F8 (Flyball, 89M, EV 85.6 MPH)
|
Batting: RHB Alex Juarez
|
0-0: Called Strike 0-1: SINGLE (Groundball, 4M, EV 93.1 MPH) (infield hit)
|
Batting: SHB David Garnica
|
0-0: Ball Alex Juarez is caught stealing 2nd base 2-6
|
Bottom of the 5th over - 0 runs, 1 hit, 0 errors, 0 left on base; Helena 18 - Billings 1 |
TOP OF THE 6TH |
Helena Brewers batting - Pitching for Billings Mustangs : LHP Jose Cruz
|
Batting: RHB Steve Errico
|
0-0: Called Strike 0-1: Foul Ball, location: 2F 0-2: Ground out 3-1 (Groundball, 13, EV 87.5 MPH)
|
Batting: LHB Alex Chairez
|
0-0: Ground out 3-1 (Groundball, 34S, EV 86.2 MPH)
|
Batting: RHB Jesus Menjivar
|
0-0: Ball 1-0: Swinging Strike 1-1: Ball 2-1: Ball 3-1: Base on Balls
|
Batting: LHB Steven Donovan
|
0-0: Ball 1-0: Ball 2-0: Swinging Strike 2-1: Ball 3-1: Fielders Choice at 2nd, 6-4 (Groundball, 6, EV 76.2 MPH)
|
Top of the 6th over - 0 runs, 0 hits, 0 errors, 1 left on base; Helena 18 - Billings 1 |
BOTTOM OF THE 6TH |
Billings Mustangs batting - Pitching for Helena Brewers : RHP Mark Frizzell
|
Batting: SHB David Garnica
|
0-0: Ball 1-0: Ball 2-0: Called Strike 2-1: Ball 3-1: Foul Ball, location: 2F 3-2: Foul Ball, location: 2F 3-2: DOUBLE (Groundball, 5L, EV 111.9 MPH)
|
Batting: SHB Jaivata Mohanty
|
0-0: Ball David Garnica is caught stealing 3rd base 2-5 1-0: Foul Ball, location: 2F 1-1: Ball 2-1: Foul Ball, location: 2F 2-2: Foul Ball, location: 2F 2-2: Ball 3-2: Base on Balls
|
Batting: RHB Kevin Larner
|
0-0: Ball 1-0: Ball 2-0: Called Strike 2-1: DOUBLE (Line Drive, 89D, EV 98.8 MPH) Jaivata Mohanty to third
|
Batting: RHB Omar Garce
|
0-0: Ball 1-0: Called Strike 1-1: Swinging Strike 1-2: Foul Ball, location: 2F 1-2: Ball 2-2: Foul Ball, location: 2F 2-2: Foul Ball, location: 2F 2-2: Strikes out swinging
|
Batting: RHB Will Trudeau
|
0-0: SINGLE (Groundball, 6M, EV 87.5 MPH) (infield hit) Jaivata Mohanty scores Kevin Larner to third
|
Batting: LHB Alex Ramos
|
0-0: Ball 1-0: Ball 2-0: Ball 3-0: Base on Balls Will Trudeau to second
|
Batting: RHB Declan Eichele
|
0-0: Ball Wild Pitch! Kevin Larner scores Will Trudeau to third Alex Ramos to second 1-0: Ball 2-0: Foul Ball, location: 2F 2-1: Foul Ball, location: 2F 2-2: Ground out 1-3 (Groundball, 15S, EV 66.2 MPH)
|
Bottom of the 6th over - 2 runs, 3 hits, 0 errors, 2 left on base; Helena 18 - Billings 3 |
TOP OF THE 7TH |
Helena Brewers batting - Pitching for Billings Mustangs : LHP Jose Cruz
|
Batting: RHB Lorenzo Diaz
|
0-0: Ball 1-0: SINGLE (Groundball, 6MD, EV 95.6 MPH)
|
Batting: LHB John Fortin
|
0-0: Called Strike 0-1: Ball 1-1: Ball 2-1: Foul Ball, location: 2F 2-2: Ball 3-2: Base on Balls Lorenzo Diaz to second
|
Batting: LHB Fumito Sakurai
|
0-0: Foul Ball, location: 2F 0-1: Ball Passed Ball! Lorenzo Diaz to third John Fortin to second 1-1: Fly out, F8 (Line Drive, 8RD, EV 90.0 MPH) Runner from 3rd tags up, OUT at HOME! 8-2 John Fortin to third
|
Batting: LHB Dusty Bryant
|
0-0: Called Strike 0-1: Ball 1-1: Ball 2-1: Swinging Strike 2-2: Ball 3-2: Base on Balls
|
Pitching: RHP Jay Harrison
|
|
Batting: LHB Umar Matoub
|
0-0: Foul Ball, location: 2F 0-1: Fly out, F5 (Line Drive, 5L, EV 68.1 MPH)
|
Top of the 7th over - 0 runs, 1 hit, 0 errors, 2 left on base; Helena 18 - Billings 3 |
BOTTOM OF THE 7TH |
Billings Mustangs batting - Pitching for Helena Brewers : RHP Mark Frizzell
|
Batting: RHB Alex de Leon
|
0-0: Called Strike 0-1: Ball 1-1: Ball 2-1: Ball 3-1: Foul Ball, location: 2F 3-2: Foul Ball, location: 2F 3-2: Hit by Pitch
|
Batting: RHB Alex Juarez
|
0-0: Called Strike 0-1: Ball 1-1: Ball 2-1: Fly out, F8 (Flyball, 8RD, EV 96.2 MPH)
|
Pitching: RHP Allen Gans
|
|
Batting: SHB David Garnica
|
0-0: Ball 1-0: Swinging Strike 1-1: Foul Ball, location: 2F 1-2: Strikes out swinging
|
Batting: SHB Jaivata Mohanty
|
0-0: Called Strike 0-1: Ball Alex de Leon steals 2nd base (no throw) 1-1: Foul Ball, location: 2F 1-2: Ball 2-2: Foul Ball, location: 2F 2-2: Ball 3-2: Ground out 6-3 (Groundball, 6D, EV 92.5 MPH)
|
Bottom of the 7th over - 0 runs, 0 hits, 0 errors, 1 left on base; Helena 18 - Billings 3 |
TOP OF THE 8TH |
Helena Brewers batting - Pitching for Billings Mustangs : RHP Jay Harrison
|
Batting: RHB Steve Errico
|
0-0: Ball 1-0: Foul Ball, location: 2F 1-1: Ground out U3 (Groundball, 13, EV 86.2 MPH)
|
Batting: LHB Alex Chairez
|
0-0: DOUBLE (Line Drive, 3D, EV 102.5 MPH)
|
Batting: RHB Jesus Menjivar
|
0-0: Called Strike 0-1: Fly out, F7 (Flyball, 78S, EV 93.1 MPH)
|
Batting: LHB Steven Donovan
|
0-0: Ball 1-0: Ball 2-0: Ball 3-0: Base on Balls
|
Batting: RHB Lorenzo Diaz
|
0-0: Ball 1-0: SINGLE (Groundball, 6MD, EV 98.1 MPH) Alex Chairez to third Steven Donovan to second Runner from 3rd tries for Home, SAFE, throw by CF to home
|
Batting: LHB John Fortin
|
0-0: Swinging Strike 0-1: Ball 1-1: SINGLE (Line Drive, 4D, EV 96.9 MPH) Steven Donovan to third Lorenzo Diaz to second
|
Batting: LHB Fumito Sakurai
|
0-0: Ball Wild Pitch! Steven Donovan scores Lorenzo Diaz to third John Fortin to second 1-0: Swinging Strike 1-1: Ball 2-1: Ball 3-1: Called Strike 3-2: Ground out 5-3 (Groundball, 5D, EV 94.4 MPH)
|
Top of the 8th over - 2 runs, 3 hits, 0 errors, 2 left on base; Helena 20 - Billings 3 |
BOTTOM OF THE 8TH |
Billings Mustangs batting - Pitching for Helena Brewers : RHP Allen Gans
|
Batting: RHB Kevin Larner
|
0-0: Ball 1-0: Called Strike 1-1: Ball 2-1: Foul Ball, location: 2F 2-2: Fly out, F4 (Popup, 4, EV 72.5 MPH)
|
Pinch Hitting: RHB Alex Villagomez
|
0-0: Foul Ball, location: 2F 0-1: Called Strike 0-2: Foul Ball, location: 2F 0-2: Strikes out looking
|
Batting: RHB Will Trudeau
|
0-0: Fly out, F7 (Line Drive, 78M, EV 88.8 MPH)
|
Bottom of the 8th over - 0 runs, 0 hits, 0 errors, 0 left on base; Helena 20 - Billings 3 |
TOP OF THE 9TH |
Helena Brewers batting - Pitching for Billings Mustangs : RHP Jay Harrison
|
Now at C: Alex Villagomez
|
|
Now at 1B: Declan Eichele
|
|
Batting: LHB Dusty Bryant
|
0-0: Called Strike 0-1: Foul Ball, location: 2F 0-2: Ball 1-2: Ball 2-2: Strikes out swinging
|
Batting: LHB Umar Matoub
|
0-0: Reached on error, E3 (Groundball, 34, EV 86.9 MPH)
|
Batting: RHB Steve Errico
|
0-0: Ball 1-0: Called Strike 1-1: Ball 2-1: Swinging Strike 2-2: Ball 3-2: Fly out, F8 (Flyball, 8RD, EV 100.0 MPH)
|
Batting: LHB Alex Chairez
|
0-0: Foul Ball, location: 2F 0-1: Ball 1-1: Ball 2-1: Foul Ball, location: 2F 2-2: Ground out 1-3 (Groundball, 15S, EV 63.1 MPH)
|
Top of the 9th over - 0 runs, 0 hits, 1 error, 1 left on base; Helena 20 - Billings 3 |
BOTTOM OF THE 9TH |
Billings Mustangs batting - Pitching for Helena Brewers : RHP Allen Gans
|
Batting: LHB Alex Ramos
|
0-0: Ball 1-0: Foul Ball, location: 2F 1-1: Foul Ball, location: 2F 1-2: Foul Ball, location: 2F 1-2: SOLO HOME RUN (Flyball, 89XD, EV 103.8 MPH), Distance : 406 ft
|
Pinch Hitting: RHB Ben Burkholder
|
0-0: Ball 1-0: Ground out 5-3 (Groundball, 5, EV 101.9 MPH)
|
Batting: RHB Alex de Leon
|
0-0: Ball 1-0: Called Strike 1-1: Called Strike 1-2: Ball 2-2: Ball 3-2: Base on Balls
|
Pitching: LHP Billy Rojas
|
|
Batting: RHB Alex Juarez
|
0-0: Ball 1-0: Swinging Strike 1-1: Called Strike 1-2: Strikes out looking
|
Batting: SHB David Garnica
|
0-0: Called Strike 0-1: Fly out, F1 (Line Drive, P, EV 62.5 MPH)
|
Bottom of the 9th over - 1 run, 1 hit, 0 errors, 1 left on base; Helena 20 - Billings 4 |
|